 Dungeon Crawl Stone Soup version 0.30-a0-424-g7412bad402 (webtiles) character file.

Game seed: 5589353253030886387

5 MackTheKnife the Poker (level 1, 0/16 HPs)
             Began as a Merfolk Warper on Dec 9, 2022.
             Constricted to death by a ball python (1 damage)
             ... on level 1 of the Dungeon.
             The game lasted 00:00:28 (41 turns).

MackTheKnife the Poker (Merfolk Warper)               Turns: 41, Time: 00:00:29

Health: 0/16       AC:  3    Str: 11    XL:     1   Next: 80%
Magic:  3/3        EV:  9    Int: 12    God:
Gold:   0          SH:  0    Dex: 13    Spells: 4/4 levels left

rFire   . . .      SeeInvis .    a - +0 spear {polearm}
rCold   . . .      Faith    .    (no shield)
rNeg    . . .      Spirit   .    b - +0 leather armour
rPois   .          Reflect  .    (no helmet)
rElec   .          Harm     .    (no cloak)
rCorr   .          Rampage  .    (no gloves)
Will    .....                    (no boots)
Stlth   +.........               (no amulet)
HPRegen 0.22/turn                (no ring)
MPRegen 0.08/turn                (no ring)

@: constricted
A: (nimble swimmer 2), mertail
a: no special abilities


You were on level 1 of the Dungeon.
You visited 1 branch of the dungeon, and saw 1 of its levels.


Innate Abilities, Weirdness & Mutations

((You are very nimble when in or above water. (Stealth+, EV+, Speed+++)))
Your lower body shifts to a powerful aquatic tail in water.


   Skills:
 - Level 2.1 Fighting
 + Level 3.4 Polearms
 - Level 1.0 Throwing
 - Level 0.6 Armour
 - Level 2.6 Dodging
 - Level 2.0 Spellcasting
 - Level 2.4 Translocations


You had 4 spell levels left.
You didn't know any spells.
Your spell library contained the following spells:

 Spells                   Type           Power      Damage    Failure   Level
 Blink                    Tloc           12%        N/A       21%         2
 Lesser Beckoning         Tloc           12%        N/A       38%         3
 Teleport Other           Tloc           6%         N/A       38%         3
 Vhi's Electric Charge    Tloc/Air       8%         N/A       54%         3
 Manifold Assault         Tloc           6%         N/A       80%         4

Inventory:

Hand Weapons
 a - a +0 spear (weapon) {polearm}
Missiles
 d - 7 boomerangs of dispersal (quivered) {=f!fthrowing}
Armour
 b - a +0 leather armour (worn)
Scrolls
 c - a scroll of blinking {!r}

Dungeon Overview and Level Annotations

Branches:
Dungeon (1/15) Zot: 5959

Altars:

##### .. ####8<8####
.. #.........###. #
#8.........8#...#
#...8...8...#.#.# #
#8.........8#...#..#
##.........##......#
..........S@..#
###....######.#
#.### .# #. .. ###


You could see a ball python.


Message History

You take 3 damage, and now have 13/16 hp.
You completely miss the jackal. The jackal closely misses you.
You closely miss the jackal. The jackal closely misses you.
You barely miss the jackal. The jackal barely misses you. The jackal bites you.
You hit the jackal but do no damage.
A hobgoblin comes into view.
The jackal completely misses you.
You closely miss the jackal. The jackal barely misses you.
You closely miss the jackal.
The jackal bites you but does no damage.
The jackal bites you. 😮 HP[-1]
You take 1 damage, and now have 12/16 hp.
You are too injured to fight recklessly!
You are too injured to fight recklessly!
You are too injured to fight recklessly!
You are too injured to fight recklessly!
You are too injured to fight recklessly!
You are too injured to fight recklessly!
You are too injured to fight recklessly!
You are too injured to fight recklessly!
You are too injured to fight recklessly!
You are too injured to fight recklessly!
You are too injured to fight recklessly!
You are too injured to fight recklessly!
You are too injured to fight recklessly!
You are too injured to fight recklessly!
You are too injured to fight recklessly!
You hit the jackal. The jackal bites you. 😮 HP[-1]
You take 1 damage, and now have 11/16 hp.
You barely miss the jackal.
The jackal bites you but does no damage. 😮 HP[+1]
You barely miss the jackal. The jackal bites you. 😮 HP[-1]
You take 1 damage, and now have 11/16 hp.
You closely miss the jackal.
The jackal bites you but does no damage.
The jackal barely misses you.
You hit the jackal.
You kill the jackal!
You closely miss the jackal. The jackal closely misses you.
The jackal bites you but does no damage.
You closely miss the jackal. The jackal misses you. 😮 HP[+1]
You hit the jackal but do no damage. The jackal bites you.
The jackal bites you but does no damage. 😮 HP[-2]
You take 2 damage, and now have 10/16 hp.
You hit the jackal but do no damage. The jackal bites you.
* * * LOW HITPOINT WARNING * * *
😨 HP[-3]
You take 3 damage, and now have 7/16 hp.
You hit the jackal. The jackal bites you.
* * * LOW HITPOINT WARNING * * *
😱 HP[-3]
You take 3 damage, and now have 4/16 hp.
You closely miss the jackal. The jackal closely misses you. 😨 HP[+1]
You hit the jackal. The jackal closely misses you.
The jackal bites you but does no damage.
You aren't carrying any potions.
Unknown command.
You hit the jackal.
You kill the jackal!
Your Polearms skill increases to level 3!
You closely miss the jackal. The jackal barely misses you.
You barely miss the jackal. The jackal barely misses you. x2
You closely miss the jackal. You punch the jackal, but do no damage.
The jackal misses you. 😨 HP[+1]
You hit the jackal. The jackal barely misses you.
A ball python comes into view.
The ball python hisses angrily.
You hit the jackal.
You kill the jackal!
You closely miss the hobgoblin.
The hobgoblin hits you but does no damage.
You hit the hobgoblin. The hobgoblin hits you.
* * * LOW HITPOINT WARNING * * *
😱 HP[-2]
You take 2 damage, and now have 4/16 hp.
You closely miss the hobgoblin. 😨 HP[+1]
You hit the hobgoblin.
You kill the hobgoblin!
You swing at nothing.
The ball python bites you.
* * * LOW HITPOINT WARNING * * *
The ball python closely misses you. 😱 HP[-3]
You take 3 damage, and now have 2/16 hp.
You hit the ball python but do no damage.
The ball python bites you but does no damage.
The ball python grabs you. The ball python constricts you.
You closely miss the ball python. The ball python bites you.
* * * LOW HITPOINT WARNING * * *
The ball python constricts you.
You die...

Skill      XL: |  1 |
---------------+----+-----
Polearms       | 3 |  3.4
Fighting       | |  2.1
Throwing       | |  1.0
Armour         | |  0.6
Dodging        | |  2.6
Spellcasting   | |  2.0
Translocations | |  2.4

Action                   || total
-------------------------++-------
Melee: Spear             ||    30
       Punch             ||     1
Armor: Leather armour    ||     9
Dodge: Dodged            ||    16

Levels and vault maps discovered:
D:1:      mrwooster_arrival_statue_2, layout_basic, minmay_pentomino_r4

Notes
Turn   | Place    | Note
-------+----------+-------------------------------------------
     0 | D:1      | MackTheKnife the Merfolk Warper began the quest for the
                  | Orb.
     0 | D:1      | Reached XP level 1. HP: 16/16 MP: 3/3
     0 | D:1      | magus.rc [v1.9.6]
    26 | D:1      | HP: 4/16 [jackal (3)]
    30 | D:1      | Reached skill level 3 in Polearms
    36 | D:1      | HP: 4/16 [hobgoblin (2)]
    41 | D:1      | HP: 1/16 [ball python (1)]
    41 | D:1      | Constricted to death by a ball python

Vanquished Creatures
  A hobgoblin (D:1)
  3 jackals (D:1)
4 creatures vanquished.

Table legend:
 A = Non-vault XP
 B = Vault XP
 C = Vault XP percentage of total XP
 D = Non-vault monster count
 E = Vault monster count
 F = Vault count percentage of total count
                 A         B        C        D         E       F
            +---------+---------+-------+---------+---------+-------
      Total |       8 |       0 |   0.0 |       4 |       0 |   0.0
            +---------+---------+-------+---------+---------+-------
        D:1 |       8 |       0 |   0.0 |       4 |       0 |   0.0
            +---------+---------+-------+---------+---------+-------

Illustrated notes

Table legend:
 A = Kills in this place as a percentage of kills in entire the game.
 B = Kills by you in this place as a percentage of kills by you in the entire game.
 C = Kills by friends in this place as a percentage of kills by friends in the entire game.
 D = Other kills in this place as a percentage of other kills in the entire game.
 E = Experience gained in this place as a percentage of experience gained in the entire game.
 F = Experience gained in this place divided by the number of levels of this place that you have seen.
                   A       B       C       D       E      F
               +-------+-------+-------+-------+-------+----------------------
         Total | 100.0 | 100.0 |   N/A |   N/A | 100.0 |   8.0
       Dungeon | 100.0 | 100.0 |   N/A |   N/A | 100.0 |   8.0
               +-------+-------+-------+-------+-------+----------------------

Table legend: (Time is in decaauts)
 A = Elapsed time spent in this place.
 B = Non-inter-level travel time spent in this place.
 C = Inter-level travel time spent in this place.
 D = Time resting spent in this place.
 E = Time spent auto-exploring this place.
 F = Levels seen in this place.
 G = Mean time per level.
                   A        B        C        D        E       F      G
               +--------+--------+--------+--------+--------+-----+--------+
         Total |     39 |     39 |      0 |      0 |      5 |   1 |   39.0 |
       Dungeon |     39 |     39 |      0 |      0 |      5 |   1 |   39.0 |
               +--------+--------+--------+--------+--------+-----+--------+

Top non-repeatable levels by time:
     D:1: 39 daAuts
